Map: Triton LE

Players

neUtricK

  • Race: Terran Terran
  • League: Diamond
  • Spawn Location: 5:00

Mez - Winner!

  • Race: Terran Terran
  • League: Master
  • Spawn Location: 11:00

VOD

Have the link to the VOD?

Description

Time

  • Played on: Aug. 31, 2019, 3:33 a.m.
  • Length: 10:37
Show
View Real Time Build Order
Export as new Build Order

neUtricK Terran 

Build Orders: Reaper Expand 

Get SALT Encoding   

  12  0:00  SCV  
  13  0:13  SCV  
  14  0:17  Supply Depot  
  14  0:25  SCV  
  15  0:38  SCV  
  15  0:39  Barracks  
  16  0:43  Refinery  
  16  0:50  SCV  
  17  1:02  SCV  
  18  1:14  SCV  
  19  1:26  Reaper  
  19  1:27  Orbital Command  
  20  1:42  Command Center  
  20  1:52  SCV  
  21  1:55  Supply Depot  
  21  2:04  SCV  
  22  2:14  Refinery  
  21  2:16  SCV  
  21  2:17  Factory  
  21  2:22  Barracks Reactor  
  22  2:28  SCV  
  22  2:41  SCV  
  22  2:53  SCV  
  23  2:58  Marine  
  23  2:59  Marine  
  23  3:05  SCV, Hellion  
  26  3:08  Starport  
  25  3:17  SCV  
  25  3:19  Marine  
  25  3:20  Marine  
  28  3:32  SCV  
  28  3:33  Orbital Command  
  28  3:37  Factory Tech Lab  
  28  3:40  Marine x2  
  28  3:41  Bunker  
  28  3:44  SCV  
  29  3:56  SCV  
  29  3:57  Siege Tank  
  29  3:59  SCV  
  34  4:07  Viking  
  34  4:09  SCV  
  37  4:21  SCV x2  
  39  4:29  Siege Tank  
  39  4:30  Supply Depot  
  42  4:33  SCV x2  
  42  4:40  Supply Depot  
  42  4:41  Marine x2  
  42  4:43  Starport Reactor  
  42  4:45  SCV x2  
  46  4:57  SCV x2  
  46  4:58  Marine  
  46  4:59  Marine  
  50  5:04  Barracks  
  50  5:05  Barracks  
  50  5:09  SCV  
  50  5:10  SCV  
  42  5:34  Marine  
  42  5:35  Marine  
  37  5:38  Medivac x2  
  37  5:40  SCV x2  
  35  5:51  Barracks Tech Lab  
  35  5:52  Marine x2, SCV x2, Barracks Reactor  
  39  6:04  SCV x2  
  39  6:11  Marine, Stimpack  
  41  6:12  Marine x2  
  41  6:16  SCV x2  
  46  6:28  SCV x2  
  48  6:33  Command Center  
  48  6:37  Viking  
  50  6:40  SCV x2  
  50  6:44  Viking  
  54  6:47  Refinery  
  54  6:50  Marine  
  54  6:51  Marine  
  54  6:52  SCV  
  57  6:55  SCV  
  58  7:01  Engineering Bay  
  58  7:03  Engineering Bay  
  58  7:04  SCV  
  58  7:07  SCV  
  60  7:09  Supply Depot  
  60  7:14  Viking  
  62  7:27  Supply Depot  
  62  7:30  Siege Tank, SCV x2  
  62  7:32  Terran Infantry Weapons Level 1  
  67  7:37  Marine, Refinery  
  67  7:42  SCV  
  67  7:43  Terran Infantry Armor Level 1  
  52  8:03  Marine x2  
  50  8:12  SCV x2  
  46  8:13  Orbital Command  
  46  8:18  Viking  
  46  8:19  Marine x3, Viking  
  53  8:21  Marine x2  
  53  8:23  Combat Shield  
  55  8:27  SCV x2  
  55  8:32  Siege Tank  
  60  8:37  Marine  
  60  8:38  Marine x2  
  60  8:39  SCV  
  64  8:44  Armory  
  64  8:46  Orbital Command  
  64  8:50  Missile Turret  
  64  8:51  Missile Turret  
  64  8:54  Marine  
  65  8:55  Marine  
  65  8:57  SCV, Marauder  
  65  8:58  SCV  
  70  9:05  Marine  
  70  9:06  Marine  
  70  9:09  SCV  
  73  9:10  SCV  
  73  9:11  Marine  
  73  9:13  Barracks  
  73  9:16  Barracks  
  75  9:19  Missile Turret  
  75  9:31  Marine x2, Siege Tank  
  78  9:57  Supply Depot  
  78  10:08  Marine x2  
  78  10:09  Marine x3  
  78  10:10  Marine  
  75  10:19  Marine  
Show
View Real Time Build Order
Export as new Build Order

Mez Terran - Winner!

Build Orders: Gas First Reaper Expand, Hellion Opening 

Get SALT Encoding   

  12  0:00  SCV  
  13  0:13  SCV  
  14  0:17  Supply Depot  
  14  0:25  SCV  
  14  0:27  Refinery  
  15  0:39  SCV  
  16  0:45  Barracks  
  16  0:51  SCV  
  17  1:03  SCV  
  18  1:15  SCV  
  19  1:32  Orbital Command, Reaper  
  20  1:50  Command Center  
  20  1:58  Factory  
  20  2:02  SCV  
  21  2:08  Barracks Reactor  
  21  2:19  SCV  
  22  2:31  SCV  
  23  2:38  Refinery  
  23  2:40  Supply Depot  
  23  2:47  Starport  
  23  3:02  SCV, Hellion x2  
  23  3:04  Orbital Command  
  28  3:10  Barracks Tech Lab  
  28  3:14  SCV  
  28  3:25  Hellion x2  
  28  3:26  SCV  
  32  3:35  SCV  
  32  3:37  Medivac  
  32  3:38  SCV, Marauder, Concussive Shells  
  38  3:47  Hellion x2  
  42  3:51  Supply Depot  
  42  3:53  SCV  
  42  3:55  SCV  
  44  4:00  Marauder  
  46  4:13  SCV x2  
  48  4:18  Factory Tech Lab  
  48  4:25  SCV x2  
  50  4:31  Raven  
  50  4:32  Marine x2, Supply Depot  
  54  4:51  Command Center  
  54  4:54  Cyclone, SCV x2  
  59  5:02  Marine x2  
  59  5:06  SCV  
  62  5:12  SCV  
  61  5:18  SCV  
  62  5:27  Raven  
  62  5:42  Marine, SCV  
  62  5:43  Marine, SCV  
  60  5:50  Barracks  
  60  5:52  Barracks  
  60  5:53  Barracks  
  60  5:54  SCV, Barracks  
  60  5:55  SCV, Refinery x2  
  62  6:00  Siege Tank, Supply Depot  
  62  6:03  Orbital Command  
  67  6:04  Engineering Bay  
  67  6:06  Engineering Bay  
  67  6:07  SCV  
  66  6:16  SCV  
  67  6:19  SCV  
  67  6:24  Marine, Stimpack  
  69  6:26  Viking x2  
  69  6:29  Orbital Command  
  69  6:30  SCV  
  74  6:44  Barracks Reactor x4  
  74  6:50  SCV x2  
  74  6:53  Supply Depot  
  76  6:56  SCV, Supply Depot  
  76  6:57  Supply Depot  
  76  7:00  Terran Infantry Armor Level 1, Terran Infantry Weapons Level 1  
  77  7:02  SCV x2  
  77  7:04  Marine  
  80  7:08  SCV  
  80  7:11  Siege Tank  
  80  7:14  SCV x2  
  86  7:17  Supply Depot x2  
  86  7:20  Marine x7  
  86  7:21  Marine, SCV, Refinery  
  86  7:22  Marine  
  96  7:26  SCV x2  
  98  7:31  Supply Depot  
  98  7:32  Supply Depot  
  98  7:33  SCV, Medivac x2  
  103  7:38  Marine x3  
  88  8:01  Marine x9  
  88  8:03  SCV x3  
  96  8:08  Refinery  
  96  8:10  Medivac x2  
  96  8:11  Siege Tank  
  96  8:15  SCV, Combat Shield  
  96  8:19  Marine x7  
  104  8:22  Armory  
  104  8:34  Marine x2  
  106  8:44  Command Center, Barracks x2  
  106  8:45  Marine, Barracks  
  106  8:46  Marine x5  
  112  8:54  Medivac x2  
  112  8:55  Factory  
  116  9:00  Marine x2  
  116  9:01  Marine  
  116  9:02  SCV x3  
  122  9:11  Supply Depot  
  122  9:12  Supply Depot  
  122  9:14  Siege Tank, SCV x3  
  128  9:26  SCV x3  
  129  9:33  Marine x5  
  129  9:34  Marine  
  129  9:35  Barracks Reactor x3  
  133  9:40  Factory Tech Lab, SCV  
  133  9:41  SCV x2  
  136  9:46  Viking x2  
  136  9:50  Siege Tank  
  143  9:57  Supply Depot  
  143  9:58  Supply Depot, Planetary Fortress  
  143  10:04  Refinery  
  143  10:08  Refinery  
  143  10:11  Marine x2  
  141  10:18  Marine  
  141  10:19  Marine x3  
Tags
 
Add a new tag
Caveats
  • Supply blocks, unpowered buildings, or Contaminate may cause inaccurate times.
  • Supply counts are checked every 10 seconds.